 Dungeon Crawl Stone Soup version 0.31-a0-180-g519b7de00c (webtiles) character file.

Game seed: 8319504348090104196

380 qw the Chopper (level 6, 0/38 HPs)
             Began as a Gargoyle Fighter on June 19, 2023.
             Slain by a scorpion (6 damage)
             ... on level 4 of the Dungeon.
             The game lasted 00:01:30 (2898 turns).

qw the Chopper (Gargoyle Fighter)                   Turns: 2898, Time: 00:01:31

Health: 0/38       AC: 13    Str: 22    XL:     6   Next: 75%
Magic:  6/6        EV:  9    Int:  8    God:
Gold:   78         SH:  4    Dex:  9    Spells: 5/5 levels left

rFire   . . .        Y - +2 war axe
rCold   . . .        c - +0 buckler
rNeg    + . .        b - +0 scale mail
rPois   inf          (no helmet)
rElec   +            k - +0 cloak
rCorr   .            i - +0 pair of gloves
SInv    .            (no boots)
Will    .....        (no amulet) Stlth
                     (no ring)
HPRegen 0.26/turn    (no ring)
MPRegen 0.10/turn

%: no passive effects
@: no status effects
A: sickness immunity, AC +4, negative energy resistance 1, electricity
resistance, torment resistance 1, petrification resistance
a: no special abilities


You were on level 4 of the Dungeon.
You visited 1 branch of the dungeon, and saw 4 of its levels.

You collected 78 gold pieces.


Innate Abilities, Weirdness & Mutations

You are immune to sickness and miasma.
Your stone body is resilient. (AC +4)
You are immune to poison.
You resist negative energy. (rN+)
You are resistant to electric shocks. (rElec)
You are resistant to unholy torment.
You are immune to petrification.


   Skills:
 - Level 4.0 Fighting
 + Level 5.6 Axes
 - Level 1.0 Throwing
 - Level 3.2 Armour
 - Level 1.0 Dodging
 - Level 3.2 Shields


You had 5 spell levels left.
You didn't know any spells.
Your spell library was empty.

Inventory:

Hand Weapons
 e - a +0 flail
 Y - a +2 war axe (weapon)
Missiles
 m - 2 javelins (quivered)
Armour
 b - a +0 scale mail (worn)
 c - a +0 buckler (worn)
 i - a +0 pair of gloves (worn)
 k - a +0 cloak (worn)
Scrolls
 a - a scroll of identify
Potions
 d - a potion of might
 g - a potion of curing

Dungeon Overview and Level Annotations

Branches:
Dungeon (4/15)
 Temple: D:4-7

Altars:


Message History

A scorpion comes into view.
You hit the gnoll sergeant but do no damage.
The gnoll sergeant is heavily wounded.
You slash the gnoll! You hit the gnoll. You hit the hobgoblin.
The gnoll sergeant barely misses you. The gnoll hits you but does no damage.
The hobgoblin hits you but does no damage.
The gnoll hits you with a +0 flail. The gnoll hits you but does no damage.
The hobgoblin barely misses you. The gnoll barely misses you.
You slash the gnoll!
You kill the gnoll!
You slash the gnoll sergeant! You hit the gnoll but do no damage.
You closely miss the hobgoblin. The gnoll sergeant misses you.
The gnoll hits you with a +0 flail! You block the hobgoblin's attack.
You barely miss the gnoll.
The gnoll is almost dead.
You barely miss the scorpion. You hit the hobgoblin.
You kill the hobgoblin!
You hit the gnoll sergeant. The scorpion barely misses you.
The gnoll hits you with a +0 flail.
The gnoll sergeant hits you with a +2 heavy spear!
You barely miss the gnoll sergeant.
The gnoll sergeant is almost dead.
You barely miss the gnoll. You closely miss the scorpion.
You block the scorpion's attack. The gnoll hits you but does no damage.
The gnoll sergeant hits you with a +2 heavy spear.
The scorpion barely misses you. The gnoll hits you but does no damage.
You hit the gnoll sergeant.
You kill the gnoll sergeant!
You hit the gnoll.
You kill the gnoll!
You barely miss the scorpion.
The scorpion stings you but does no damage.
A phantom comes into view.
You barely miss the scorpion. You block the scorpion's attack.
The scorpion stings you but does no damage.
You closely miss the scorpion. The scorpion stings you.
You die...

#. ..##.. .g
##..... .
......##. ~
......)# P~
..##.....###77~~P
?..>....)).~~~~~7
........s@.~~~~~~
...##)%..7~~PP~
#......~7~P7
#.......77 ~
###........7
#............~
##..###.....W.
##..###.......
#..7.P.......#....


You could see a phantom and a scorpion.

Vanquished Creatures
  A gnoll sergeant (D:4)
  A vampire bat (D:3)
  A hound (D:3)
  A gnoll bouda (D:4)
  3 gnolls (D:4)
  3 adders
  2 dart slugs
  3 fire bats (D:3)
  2 orcs
  2 spectral bats (D:3)
  8 ball pythons
  3 bat skeletons (D:3)
  A bat zombie (D:3)
  8 endoplasms
  2 giant cockroaches
  3 goblins
  8 hobgoblins
  8 jackals (D:1)
  8 kobolds
  3 quokkas
  15 bats
  A bat simulacrum (D:3)
  6 frilled lizards
  6 rats
99 creatures vanquished.

Notes
Turn   | Place    | Note
-------+----------+-------------------------------------------
     0 | D:1      | qw the Gargoyle Fighter began the quest for the Orb.
     0 | D:1      | Reached XP level 1. HP: 14/14 MP: 1/1
     0 | D:1      | 0 ||| qw: Version: 0.3-a-7-ge0c9b40
     0 | D:1      | 0 ||| qw: Game counter: 1081
     0 | D:1      | 0 ||| qw: Always use a shield: true
     0 | D:1      | 0 ||| qw: God list: Okawaru
     0 | D:1      | 0 ||| qw: Allow faded altars: false
     0 | D:1      | 0 ||| qw: Do Orc after D:15 true
     0 | D:1      | 0 ||| qw: Do second Lair branch before Depths: true
     0 | D:1      | 0 ||| qw: Lair rune preference: random
     0 | D:1      | 0 ||| qw: Plans: Normal, Zot:1-4, Slime:5, God:TSO, Crypt,
                  | Tomb, Abyss, Pan, Hells, Win
     0 | D:1      | 0 ||| PLANNING D:1-11
   115 | D:1      | 115 ||| Stepping ~*~*~tactically~*~*~ (stealth).
   124 | D:1      | Reached skill level 2 in Axes
   130 | D:1      | Reached XP level 2. HP: 9/19 MP: 2/2
   201 | D:1      | 201 ||| Stepping ~*~*~tactically~*~*~ (stealth).
   215 | D:1      | 215 ||| FLEEEEING.
   216 | D:1      | 216 ||| FLEEEEING.
   219 | D:1      | 219 ||| FLEEEEING.
   220 | D:1      | 220 ||| FLEEEEING.
   221 | D:1      | 221 ||| FLEEEEING.
   222 | D:1      | 222 ||| FLEEEEING.
   223 | D:1      | 223 ||| FLEEEEING.
   224 | D:1      | 224 ||| FLEEEEING.
   225 | D:1      | 225 ||| FLEEEEING.
   226 | D:1      | 226 ||| FLEEEEING.
   227 | D:1      | 227 ||| FLEEEEING.
   228 | D:1      | 228 ||| FLEEEEING.
   253 | D:1      | 253 ||| Stepping ~*~*~tactically~*~*~ (stealth).
   257 | D:1      | 257 ||| Stepping ~*~*~tactically~*~*~ (stealth).
   269 | D:1      | 269 ||| Stepping ~*~*~tactically~*~*~ (stealth).
   271 | D:1      | 271 ||| Stepping ~*~*~tactically~*~*~ (stealth).
   275 | D:1      | Reached skill level 3 in Axes
   319 | D:1      | Reached XP level 3. HP: 23/23 MP: 3/3
   718 | D:1      | 718 ||| READING scroll labelled LURGHO ZODYGG.
   719 | D:1      | 719 ||| READING scroll labelled HEGGAM SEOMISU.
   720 | D:1      | 720 ||| READING scroll labelled FEIK OC XIRR.
   721 | D:1      | 721 ||| READING scroll labelled OPNOOJ EHOMN.
   747 | D:2      | Reached skill level 1 in Throwing
   748 | D:2      | 748 ||| STAIRDANCE
   847 | D:2      | 847 ||| READING scroll of enchant weapon.
   847 | D:2      | 847 ||| ENCHANTING +1 war axe.
   853 | D:2      | 853 ||| DROPPING +0 whip of venom.
   944 | D:2      | Identified the +11 trident "Embalmer" {heavy, Fragile rF++}
   975 | D:2      | Reached XP level 4. HP: 27/28 MP: 4/4
   982 | D:2      | 982 ||| Stepping ~*~*~tactically~*~*~ (hiding).
  1594 | D:2      | 1594 ||| UPGRADING to +0 cloak.
  1599 | D:2      | 1599 ||| READING 2 scrolls labelled VASTAC NOUSI.
  1600 | D:2      | 1600 ||| READING scroll labelled LAORHUEZUN.
  1601 | D:2      | 1601 ||| READING scroll labelled NISTYROKOE.
  1764 | D:3      | Reached skill level 4 in Axes
  1792 | D:3      | Reached XP level 5. HP: 31/32 MP: 5/5
  1817 | D:3      | 1817 ||| Stepping ~*~*~tactically~*~*~ (stealth).
  1822 | D:3      | 1822 ||| Stepping ~*~*~tactically~*~*~ (stealth).
  1828 | D:3      | 1828 ||| Stepping ~*~*~tactically~*~*~ (stealth).
  1875 | D:3      | Reached skill level 5 in Axes
  2029 | D:3      | 2029 ||| Stepping ~*~*~tactically~*~*~ (hiding).
  2298 | D:3      | Reached XP level 6. HP: 35/38 MP: 6/6
  2724 | D:3      | 2724 ||| DROPPING orb of mayhem.
  2725 | D:3      | 2725 ||| UPGRADING to +0 pair of gloves.
  2730 | D:3      | 2730 ||| DROPPING +6 ring of intelligence.
  2731 | D:3      | 2731 ||| READING scroll labelled EFOGESH CIRA.
  2734 | D:3      | 2734 ||| READING 3 scrolls of identify.
  2734 | D:3      | 2734 ||| IDENTIFYING amethyst potion
  2735 | D:3      | 2735 ||| READING 2 scrolls of identify.
  2735 | D:3      | 2735 ||| IDENTIFYING fizzy emerald potion
  2741 | D:4      | 2741 ||| Stepping ~*~*~tactically~*~*~ (hiding).
  2753 | D:4      | Reached skill level 1 in Dodging
  2753 | D:4      | 2753 ||| Stepping ~*~*~tactically~*~*~ (hiding).
  2831 | D:4      | 2831 ||| DROPPING +0 whip of draining.
  2878 | D:4      | 2878 ||| DROPPING +0 mace.
  2879 | D:4      | 2879 ||| Stepping ~*~*~tactically~*~*~ (stealth).
  2881 | D:4      | 2881 ||| Stepping ~*~*~tactically~*~*~ (stealth).
  2887 | D:4      | HP: 9/38 [gnoll/+0 club[a gnoll sergeant] (5)]
  2888 | D:4      | 2888 ||| DRINKING potion of heal wounds.
  2894 | D:4      | HP: 8/38 [gnoll sergeant/+2 heavy spear (14)]
  2898 | D:4      | Slain by a scorpion

Levels and vault maps discovered:
D:1:      saegor_arrival_miasma, layout_basic, minivault_4
D:2:      layout_loops_cross
D:3:      layout_basic, minivault_4, goddamned_bats
D:4:      layout_cave_pools, serial_bayou, serial_bayou_lake_a,
          serial_bayou_crossing, serial_bayou_pond_b, serial_bayou_pond_b,
          serial_bayou_lagoon_b

Skill      XL: |  1  2  3  4  5  6 |
---------------+-------------------+-----
Axes           | 2 3 4 5 |  5.6
Throwing       | 1 |  1.0
Fighting       | 4 |  4.0
Dodging        | 1 |  1.0
Armour         | |  3.2
Shields        | |  3.2

Action                     |  1- 3 |  4- 6 || total
---------------------------+-------+-------++-------
  Melee: War axe           |   102 |   134 ||   236
  Throw: Javelin           |    23 |    37 ||    60
    Use: Scroll            |     5 |     6 ||    11
         Potion            |       |     1 ||     1
 Armour: Scale mail        |    63 |   126 ||   189
  Dodge: Dodged            |    61 |   102 ||   163
  Block: Buckler           |    20 |    28 ||    48

Table legend:
 A = Non-vault XP
 B = Vault XP
 C = Vault XP percentage of total XP
 D = Non-vault monster count
 E = Vault monster count
 F = Vault count percentage of total count
                 A         B        C        D         E       F
            +---------+---------+-------+---------+---------+-------
      Total |     322 |     222 |  40.8 |      75 |      24 |  24.2
            +---------+---------+-------+---------+---------+-------
        D:1 |      51 |       0 |   0.0 |      31 |       0 |   0.0
        D:2 |      60 |       0 |   0.0 |      22 |       0 |   0.0
        D:3 |      76 |     176 |  69.8 |      16 |      20 |  55.6
        D:4 |     135 |      46 |  25.4 |       6 |       4 |  40.0
            +---------+---------+-------+---------+---------+-------
